 Dungeon Crawl Stone Soup version 0.30-a0-241-g1121274140 (webtiles) character file.

Game seed: 18068565845155888977

20244 Sobieck the Basher (level 12, -6/107 HPs)
             Began as an Armataur Fighter on Oct 10, 2022.
             Was an Initiate of Gozag.
             Killed from afar by Frances (20 damage)
             ... with a shard of ice
             ... on level 13 of the Dungeon.
             The game lasted 00:23:20 (12247 turns).

Sobieck the Basher (Armataur Fighter)              Turns: 12247, Time: 00:23:20

Health: -6/107     AC: 13    Str: 30    XL:     12   Next: 43%
Magic:  12/12      EV:  7    Int:  9    God:    Gozag
Gold:   340        SH:  5    Dex: 10    Spells: 11/11 levels left

rFire   + . .      SeeInvis .    a - +10 broad axe "Vugien" {vorpal, Str+4, axe}
rCold   + + .      Faith    .    c - +0 buckler
rNeg    . . .      Spirit   .    n - +1 chain mail {rC+}
rPois   .          Reflect  .    L - +2 helmet
rElec   .          Harm     .    f - scarf {rC+ rF+}
rCorr   .          Roll     +    (no gloves)
Will    .....                    (no barding)
Stlth   ..........               (no amulet)
HPRegen 0.37/turn                h - +4 ring of slaying
MPRegen 0.13/turn                z - +4 ring of slaying

@: mighty, lethally poisoned (-6 -> -46), invisible
A: large, rugged brown scales 3, deformed body, armoured tail, roll, long
tongue, awkward tongue
a: Renounce Religion, Potion Petition, Call Merchant, Bribe Branch


You were on level 13 of the Dungeon.
You worshipped Gozag.
Gozag was aware of your devotion.
You visited 2 branches of the dungeon, and saw 14 of its levels.

You collected 3105 gold pieces.
You spent 1540 gold pieces at shops.
You paid 1225 gold pieces to Gozag.


Innate Abilities, Weirdness & Mutations

You are completely covered in rugged brown scales. (AC +3, +7% HP)
Armour fits poorly on your strangely shaped body.
You have a long armoured tail.
You roll when moving toward enemies. (Rampage)
Your long tongue fully drains potion bottles. (2x potion effects)
Your tongue gives you trouble enunciating. (1.5x scroll delay)


   Skills:
 - Level 7.0 Fighting
 + Level 8.1(11.3) Axes
 - Level 13.4(14.4) Maces & Flails
 - Level 7.0 Armour
 - Level 3.0 Dodging
 - Level 8.0 Shields


You had 11 spell levels left.
You didn't know any spells.
Your spell library contained the following spells:

 Spells                   Type           Power      Damage    Failure   Level
 Summon Small Mammal      Summ           0%         N/A       91%         1
 Call Canine Familiar     Summ           0%         N/A       99%         3
 Dazzling Flash           Conj/Hex       0%         N/A       99%         3
 Hailstorm                Conj/Ice       0%         3d3       99%         3
 Summon Guardian Golem    Hex/Summ       0%         N/A       99%         3
 Vhi's Electric Charge    Tloc/Air       0%         N/A       99%         3
 Ice Form                 Ice/Tmut       0%         N/A       100%        4
 Iskenderun's Mystic Bla  Conj/Tloc      0%         2d3       100%        4
 Agony                    Necr           0%         N/A       100%        5
 Arcjolt                  Conj/Air       0%         1d10      100%        5
 Silence                  Hex/Air        0%         N/A       100%        5
 Starburst                Conj/Fire      0%         6d3       100%        6
 Maxwell's Capacitive Co  Air            0%         ∞         100%        8
 Simulacrum               Ice/Necr       Unusable   N/A       N/A         6

Inventory:

Hand Weapons
 a - the +10 broad axe "Vugien" (weapon) {vorpal, Str+4, axe}
   (You bought it in a shop on level 10 of the Dungeon)

   It inflicts extra damage upon your enemies.
   Str:       It affects your strength (+4).
 b - the +3 greatsling "Punk" {acid, rCorr}
   (You bought it in a shop on level 10 of the Dungeon)

   Any ammunition fired from it is coated in acid, damaging and corroding those
   it strikes.
   rCorr:     It protects you from acid and corrosion.
 d - a +2 whip of freezing {mace}
   (You took it off Pikel on level 3 of the Dungeon)
 C - a +2 morningstar of flaming {mace}
   (You took it off Maggie on level 6 of the Dungeon)
 K - the +7 mace "Kaomec" {speed, rC+ Str+4 SInv, mace}
   (You found it on level 4 of the Dungeon)

   Attacks with this weapon are significantly faster.
   Str:       It affects your strength (+4).
   rC:        It protects you from cold.
   SInv:      It lets you see invisible.
 M - a +5 sling of freezing
   (You found it on level 5 of the Dungeon)
Missiles
 k - 21 boomerangs (quivered) {throwing}
 l - 83 stones {throwing}
 r - 16 poisoned darts {throwing}
 A - a curare-tipped dart {=fthrowing}
 X - a throwing net {=f!fthrowing}
 Z - 8 javelins {throwing}
Armour
 c - a +0 buckler (worn)
 f - a scarf of resistance (worn)
   (You found it on level 8 of the Dungeon)
 n - a +1 chain mail of cold resistance (worn)
   (You found it on level 1 of the Dungeon)
 L - a +2 helmet (worn)
   (You took it off Robin on level 4 of the Dungeon)
Magical Staves
 o - a staff of poison {!astaff}
   (You found it on level 1 of the Dungeon)
Jewellery
 h - a +4 ring of slaying (left hand)
   (You found it on level 1 of the Dungeon)
 t - a ring of willpower
   (You found it on level 2 of the Dungeon)
 z - a +4 ring of slaying (right hand)
   (You found it on level 3 of the Dungeon)
Wands
 j - a wand of flame (9)
   (You found it on level 10 of the Dungeon)
 v - a wand of charming (45)
   (You found it on level 2 of the Dungeon)
 B - a wand of mindburst (11)
   (You found it on level 11 of the Dungeon)
 J - a wand of roots (27)
   (You found it on level 4 of the Dungeon)
 W - a wand of light (8)
   (You found it on level 5 of the Dungeon)
Scrolls
 e - 4 scrolls of teleportation {@r4}
 p - 4 scrolls of blinking {!r}
 x - a scroll of amnesia
 y - 2 scrolls of enchant armour
 D - a scroll of fear
 F - 2 scrolls of enchant weapon
Potions
 g - 5 potions of attraction {!q}
 i - 2 potions of cancellation
 q - 2 potions of mutation {!q}
 u - a potion of heal wounds {@q2}
 w - 7 potions of curing {@q1}
 G - a potion of lignification {!q}
 H - 2 potions of magic {unknown}
 I - 2 potions of brilliance
 P - a potion of flight
Miscellaneous
 E - a box of beasts
   (You found it on level 12 of the Dungeon)

Dungeon Overview and Level Annotations

Branches:
Dungeon (13/15) Zot: 26597  Temple (1/1) D:4 Zot: 5825    Lair (0/5) D:9
    Orc (0/2) D:9
 Vaults: D:13-14

Altars:
Ashenzari
Cheibriados
Dithmenos
Elyvilon
Fedhas
Gozag
Hepliaklqana
Kikubaaqudgha
Makhleb
Nemelex Xobeh
Okawaru
Qazlal
Ru
Sif Muna
Trog
Uskayaw
Vehumet
Wu Jian
Xom
Yredelemnul
Zin
The Shining One

Shops:
D:4 (   D:9 (   D:10 (

Annotations:
D:3 3 runed translucent doors, mdonais's ghost, amateur OpRe
D:10 2 transporters, elisander's ghost, journeyman SpBr
D:13 Frances

..# ..# ... #.#
#.. ..## #.#
#.. #.# #@#
##.###@#######
..#..........
#.#.#.#######
#####.#....##
#.......)...#
#.###.#........
#.# #.###.#####
#.###.###.# #.#
#....[....# #.#


You could see Frances (fast).


Message History

You now have 334 gold pieces (gained 16).
Unknown command.
You start resting.
You carefully extract the barbed spikes from your body.
Unknown command.
You start resting.
Unknown command.
Unknown command.
The +3 greatsling "Punk" {acid, rCorr} begins to ooze corrosive slime!
b - the +3 greatsling "Punk" (weapon)
{acid, rCorr} A purple ugly thing comes into view.
The purple ugly thing gurgles horribly!
Danger!
You shoot a sling bullet.
The sling bullet hits the purple ugly thing!
The purple ugly thing is splashed with acid.
The acid corrodes the purple ugly thing!
The purple ugly thing stings you but does no damage.
The +3 greatsling "Punk" {acid, rCorr} stops oozing corrosive slime.
You feel stronger.
a - the +10 broad axe "Vugien" (weapon)
{vorpal, Str+4, axe} You slice the purple ugly thing!!
You tail-slap the purple ugly thing.
The purple ugly thing stings you but does no damage.
You slice the purple ugly thing!!
You kill the purple ugly thing!
No target in view!
The +3 greatsling "Punk" {acid, rCorr} begins to ooze corrosive slime!
b - the +3 greatsling "Punk" (weapon)
{acid, rCorr} You see here a +0 leather armour.
You now have 340 gold pieces (gained 6).
Frances, Duchess of Pandemonium comes into view.
She is wielding a +5 long sword of venom.
Frances shouts!
Frances screams a word of power!
Frances seems to speed up.
Danger!
You shoot a sling bullet.
The sling bullet hits Frances but does no damage.
Frances is splashed with acid.
You shoot a sling bullet. The sling bullet hits Frances.
Frances is splashed with acid.
You shoot a sling bullet. The sling bullet hits Frances!
Frances is splashed with acid.
Frances hits you with a +5 long sword of venom!!
You are poisoned.
Frances hits you with a +5 long sword of venom!
You are more poisoned.
The +3 greatsling "Punk" {acid, rCorr} stops oozing corrosive slime.
You feel stronger.
a - the +10 broad axe "Vugien" (weapon)
{vorpal, Str+4, axe} You feel very sick.
Frances hits you with a +5 long sword of venom!!
* * * LOW HITPOINT WARNING * * *
You are lethally poisoned!
Unknown command.
Okay, then.
Okay, then.
Okay, then.
You feel much better.
You feel extremely sick.
Frances screams a word of power!
The shard of ice hits you!! You partially resist.
Unknown command.
You feel better.
Frances hits you with a +5 long sword of venom!
You are poisoned.
Frances hits you with a +5 long sword of venom.
You are more poisoned.
You feel very mighty all of a sudden.
You feel extremely sick. Frances closely misses you.
You fade into invisibility!
You feel very sick.
Frances hits you with a +5 long sword of venom!
* * * LOW HITPOINT WARNING * * *
You are lethally poisoned!
Frances hits you with a +5 long sword of venom!
* * * LOW HITPOINT WARNING * * *
You are more poisoned.
Unknown command.
You feel much better.
* * * LOW HITPOINT WARNING * * *
You feel extremely sick.
Frances mutters in a terrible tongue.
The iron shot hits you!
* * * LOW HITPOINT WARNING * * *
Unknown command.
You feel much better.
You feel extremely sick.
Frances hits you with a +5 long sword of venom.
You are more poisoned.
Frances whispers indecipherable words.
The shard of ice hits you!! You partially resist.
* * * LOW HITPOINT WARNING * * *
You slice Frances!!
* * * LOW HITPOINT WARNING * * *
You feel extremely sick.
Frances screams a word of power!
The shard of ice hits you!! You partially resist.
You die...
Your body crumbles into a pile of gold.

Skill      XL: |  1  2  3  4  5  6  7  8  9 10 11 12 |
---------------+-------------------------------------+-----
Maces & Flails | 2 3 4 5 8 11 13 | 13.4
Fighting       | 3 4 5 7 |  7.0
Armour         | 4 5 6 7 |  7.0
Dodging        | 1 2 3 |  3.0
Shields        | 4 5 6 8 |  8.0
Axes           | 5 8 |  8.1

Action                   |  1- 3 |  4- 6 |  7- 9 | 10-12 || total
-------------------------+-------+-------+-------+-------++-------
Melee: Flail             |    89 |    40 |       |       ||   129
       Tailslap          |     8 |     2 |    24 |    72 ||   106
       Mace              |       |       |   257 |   351 ||   608
       Whip              |       |       |     6 |       ||     6
       Broad axe         |       |       |       |    22 ||    22
 Fire: Sling             |       |       |     3 |       ||     3
       Greatsling        |       |       |       |     4 ||     4
Invok: Potion Petition   |       |       |       |     1 ||     1
       Call Merchant     |       |       |       |     1 ||     1
  Use: Potion            |       |     1 |       |    12 ||    13
       Scroll            |       |       |    17 |     9 ||    26
 Stab: Distracted        |       |       |     1 |       ||     1
Armor: Scale mail        |     3 |       |       |       ||     3
       Chain mail        |    55 |    25 |    78 |   113 ||   271
Dodge: Dodged            |    25 |     7 |    51 |    79 ||   162
Block: Buckler           |    17 |    12 |    35 |    55 ||   119

Levels and vault maps discovered:
D:1:      dpeg_arrival_tiny_h, layout_loops_ring
D:2:      layout_basic, hex_intersection
D:3:      layout_loops_cross, lemuel_coloured_pillars_altar,
          lemuel_doored_altar, nicolae_yredelemnul_ghost_church
D:4:      layout_basic, minmay_temple_entry_trees, serial_shops,
          nicolae_diamond_shop, uniq_duvessa, uniq_robin, uniq_pikel
D:5:      layout_basic, gammafunk_temple_overflow_elements, chequers_arboretum,
          minmay_liquid_box, grunt_decor_fettered, cheibrodos_gnoll_hut
D:6:      lemuel_ratsnest, layout_basic, mainiacjoe_overflow_24_doors,
          grunt_ministairs_11, uniq_blork_the_orc, uniq_maggie
D:7:      layout_loops_ring, mainiacjoe_overflow_concentric_impassable,
          uniq_joseph
D:8:      nicolae_whirlpool, layout_gridville, nicolae_uskayaw_en_pointe
D:9:      minmay_cornered_nines, layout_cave_pools,
          ashenzari_conservatory_becter, lair_entry_dummy, orc_david_3,
          uniq_psyche
D:10:     layout_rooms, mainiacjoe_overflow_alcove_1, gammafunk_ghost_arena,
          minmay_misc_feat_doors, uniq_harold
D:11:     layout_loops_ring
D:12:     layout_rooms
D:13:     layout_loops_corners, uniq_frances, uniq_sonja
Temple:   hellmonk_temple_flake

Notes
Turn   | Place    | Note
-------+----------+-------------------------------------------
     0 | D:1      | Sobieck the Armataur Fighter began the quest for the Orb.
     0 | D:1      | Reached XP level 1. HP: 19/19 MP: 1/1
   713 | D:2      | Reached skill level 2 in Maces & Flails
   713 | D:2      | Reached XP level 2. HP: 26/26 MP: 2/2
  1120 | D:2      | Reached skill level 3 in Fighting
  1120 | D:2      | Reached skill level 4 in Armour
  1120 | D:2      | Reached XP level 3. HP: 33/33 MP: 3/3
  1302 | D:3      | Found a shadowy altar of Dithmenos.
  1357 | D:3      | Reached skill level 1 in Dodging
  1400 | D:3      | Found a runed translucent gate.
  1400 | D:3      | Found a runed translucent gate.
  1400 | D:3      | Found a runed translucent gate.
  1400 | D:3      | Noticed mdonais's ghost (amateur OpRe)
  1402 | D:3      | Found a basalt altar of Yredelemnul.
  1536 | D:3      | Reached XP level 4. HP: 36/40 MP: 4/4
  1668 | D:3      | Reached skill level 4 in Shields
  1886 | D:3      | Reached XP level 5. HP: 43/48 MP: 5/5
  1933 | D:3      | Found a white marble altar of Elyvilon.
  2142 | D:4      | Found a staircase to the Ecumenical Temple.
  2149 | Temple   | Entered the Ecumenical Temple
  2314 | Temple   | Became a worshipper of Gozag Ym Sagoz the Greedy
  2353 | D:4      | Noticed a lemure
  2360 | D:4      | Noticed a lemure
  2360 | D:4      | Noticed a lemure
  2360 | D:4      | Noticed Pikel
  2374 | D:3      | Killed a lemure
  2411 | D:3      | HP: 11/48 [Pikel/+2 whip of freezing (3)]
  2412 | D:3      | Killed Pikel
  2413 | D:3      | Reached skill level 4 in Fighting
  2413 | D:3      | Reached skill level 3 in Maces & Flails
  2413 | D:3      | Reached skill level 5 in Armour
  2413 | D:3      | Reached skill level 2 in Dodging
  2413 | D:3      | Reached skill level 5 in Shields
  2413 | D:3      | Reached XP level 6. HP: 12/55 MP: 6/6
  2413 | D:3      | Reached XP level 7. HP: 14/63 MP: 7/7
  2637 | D:4      | Found Nossan's Weapon Boutique.
  2653 | D:4      | Identified the +7 mace "Kaomec" {speed, rC+ Str+4 SInv}
  2701 | D:4      | Noticed Robin
  2707 | D:4      | Killed Robin
  3003 | D:4      | Noticed Duvessa
  3003 | D:4      | Noticed Dowan
  3017 | D:4      | Killed Duvessa
  3042 | D:4      | Killed Dowan
  3056 | D:4      | You pick up a book of Spectacle and begin reading...
  3056 | D:4      | You add the spells Dazzling Flash, Iskenderun's Mystic
                  | Blast and Starburst to your library.
  3146 | D:5      | Entered Level 5 of the Dungeon
  3152 | D:5      | Reached skill level 4 in Maces & Flails
  3152 | D:5      | Reached skill level 6 in Armour
  3226 | D:5      | You add the spells Vhi's Electric Charge, Arcjolt and
                  | Maxwell's Capacitive Coupling to your library.
  3235 | D:5      | Reached XP level 8. HP: 71/71 MP: 8/8
  3254 | D:5      | Reached skill level 3 in Dodging
  3316 | D:5      | You pick up a book of the Tundra and begin reading...
  3316 | D:5      | You add the spells Hailstorm and Ice Form to your library.
  3546 | D:5      | Reached skill level 6 in Shields
  3591 | D:5      | Reached skill level 5 in Fighting
  3766 | D:5      | Found a bloodstained altar of Trog.
  3766 | D:5      | Found a glowing silver altar of Zin.
  3842 | D:5      | Reached skill level 7 in Armour
  3850 | D:5      | Reached skill level 5 in Maces & Flails
  4431 | D:6      | Found a shimmering altar of Xom.
  5006 | D:6      | Noticed Blork the orc
  5007 | D:6      | Reached XP level 9. HP: 80/80 MP: 9/9
  5011 | D:6      | Killed Blork the orc
  5012 | D:6      | Reached skill level 7 in Shields
  5091 | D:6      | Noticed Maggie
  5113 | D:6      | Killed Maggie
  5114 | D:6      | Reached skill level 6 in Fighting
  5162 | D:6      | Reached skill level 6 in Maces & Flails
  5641 | D:7      | Noticed Joseph
  5656 | D:7      | Killed Joseph
  5657 | D:7      | Reached skill level 8 in Shields
  5771 | D:7      | Reached skill level 7 in Fighting
  5837 | D:7      | Reached skill level 7 in Maces & Flails
  5858 | D:7      | Noticed a two-headed ogre
  5867 | D:7      | Killed a two-headed ogre
  5868 | D:7      | Reached skill level 8 in Maces & Flails
  6047 | D:7      | Reached XP level 10. HP: 92/92 MP: 10/10
  6512 | D:7      | Found an iron altar of Okawaru.
  6875 | D:8      | Reached skill level 9 in Maces & Flails
  6971 | D:8      | HP: 23/92 [centaur/arrow (5)]
  7196 | D:8      | Noticed a +0 dagger
  7196 | D:8      | Noticed a +0 spear
  7196 | D:8      | Noticed a +0 spear
  7197 | D:8      | Noticed a +0 falchion
  7197 | D:8      | Noticed a +0 short sword
  7198 | D:8      | Noticed a +0 dagger
  7212 | D:8      | Noticed a +0 short sword
  7214 | D:8      | Noticed a +0 falchion
  7216 | D:8      | Found a hide-covered altar of Uskayaw.
  7936 | D:9      | Reached skill level 10 in Maces & Flails
  8000 | D:9      | Found a broken altar of Ashenzari.
  8029 | D:9      | Found a staircase to the Orcish Mines.
  8029 | D:9      | Found Polu Cea's Weapon Shop.
  8050 | D:9      | Noticed Psyche
  8070 | D:9      | Killed Psyche
  8071 | D:9      | Reached skill level 11 in Maces & Flails
  8226 | D:9      | You pick up a book of Callings and begin reading...
  8226 | D:9      | You add the spells Summon Small Mammal, Call Canine
                  | Familiar and Summon Guardian Golem to your library.
  8287 | D:9      | Found a staircase to the Lair.
  8434 | D:9      | Noticed a gargoyle
  8444 | D:9      | Killed a gargoyle
  8489 | D:9      | Noticed a cyclops
  8494 | D:9      | Killed a cyclops
  8495 | D:9      | Noticed a boulder beetle
  8512 | D:9      | Killed a boulder beetle
  8513 | D:9      | Reached XP level 11. HP: 65/98 MP: 11/11
  8731 | D:10     | Entered Level 10 of the Dungeon
  8781 | D:10     | Noticed a two-headed ogre
  8782 | D:10     | Noticed a wolf spider
  8918 | D:10     | Noticed elisander's ghost (journeyman SpBr)
  8970 | D:10     | Found a burning altar of Makhleb.
  8985 | D:10     | Reached skill level 12 in Maces & Flails
  9080 | D:10     | Noticed Harold
  9091 | D:10     | Killed Harold
  9258 | D:10     | Found a transporter.
  9261 | D:10     | You pick up a book of the Senses and begin reading...
  9261 | D:10     | You add the spells Agony and Silence to your library.
  9379 | D:10     | Found a transporter.
  9477 | D:10     | Identified the +2 chain mail of the Evening Star {+Blink
                  | rC+ rN+ Slay-5}
  9598 | D:11     | HP: 18/98 [manticore (7)]
  9600 | D:11     | Reached skill level 13 in Maces & Flails
  9878 | D:11     | Reached skill level 1 in Axes
  9885 | D:11     | Reached skill level 2 in Axes
  9982 | D:11     | Reached skill level 3 in Axes
  9999 | D:11     | Reached skill level 4 in Axes
 10630 | D:11     | Noticed a two-headed ogre
 10635 | D:11     | Killed a two-headed ogre
 10636 | D:11     | Reached skill level 5 in Axes
 10636 | D:11     | Reached XP level 12. HP: 51/107 MP: 12/12
 10971 | D:12     | Reached skill level 6 in Axes
 11545 | D:12     | Reached skill level 7 in Axes
 11820 | D:10     | Bought the +10 broad axe "Vugien" {vorpal, Str+4} for 1071
                  | gold pieces
 11820 | D:10     | Bought the +3 greatsling "Punk" {acid, rCorr} for 469 gold
                  | pieces
 11820 | D:10     | Found the +3 greatsling "Punk" {acid, rCorr}
 11909 | D:13     | Noticed a centaur warrior
 11915 | D:13     | Killed a centaur warrior
 12012 | D:13     | Reached skill level 8 in Axes
 12236 | D:13     | Noticed Frances
 12244 | D:13     | HP: 24/107 [Frances/+5 long sword of venom (12)]
 12247 | D:13     | Killed from afar by Frances

Vanquished Creatures
  Harold (D:10)
  A boulder beetle (D:9)
  A centaur warrior (D:13)
  2 two-headed ogres
  Pikel (D:3)
  An ugly thing (D:13)
  3 cyclopes
  2 manticores
  Joseph (D:7)
  Maggie (D:6)
  3 gargoyles
  An unseen horror (D:12)
  Psyche (D:9)
  A komodo dragon (D:10)
  A queen bee (shapeshifter) (D:13)
  3 trolls
  2 hornets (D:9)
  8 slime creatures
  A shadow (D:9)
  A vampire (D:11)
  14 yaks
  3 wraiths
  11 vampire mosquitoes
  A steam dragon (D:9)
  3 acid dragons
  Duvessa (D:4)
  3 orc warriors
  2 black bears
  3 ice beasts
  3 ogres
  10 centaurs
  A lemure (D:3)
  Blork the orc (D:6)
  A phantom (D:5)
  A kobold brigand (D:10)
  3 bullfrogs
  2 scorpions (D:6)
  A gnoll sergeant (D:5)
  A necrophage (D:6)
  8 wights (D:7)
  Dowan (D:4)
  8 killer bees
  A howler monkey (D:6)
  3 jellies
  7 hounds
  5 orc priests
  4 iguanas
  12 orc wizards
  Robin (D:4)
  6 gnolls
  12 adders
  7 river rats (D:6)
  2 shadow imps
  3 white imps
  An ufetubus (D:6)
  A worm (D:3)
  4 dart slugs
  41 orcs
  2 endoplasms
  2 giant cockroaches
  7 goblins
  7 hobgoblins
  8 jackals
  13 quokkas
  4 ball pythons
  4 bats
  5 frilled lizards
  A jackal zombie (D:3)
  5 kobolds
  A quokka zombie (D:3)
  20 rats
307 creatures vanquished.

Table legend:
 A = Non-vault XP
 B = Vault XP
 C = Vault XP percentage of total XP
 D = Non-vault monster count
 E = Vault monster count
 F = Vault count percentage of total count
                 A         B        C        D         E       F
            +---------+---------+-------+---------+---------+-------
      Total |   23007 |    5914 |  20.4 |     237 |      69 |  22.5
            +---------+---------+-------+---------+---------+-------
        D:1 |      11 |       0 |   0.0 |       8 |       0 |   0.0
        D:2 |      48 |       0 |   0.0 |      16 |       0 |   0.0
        D:3 |     187 |     687 |  78.6 |      22 |       3 |  12.0
        D:4 |     131 |     247 |  65.3 |      15 |      11 |  42.3
        D:5 |     980 |     103 |   9.5 |      33 |       3 |   8.3
        D:6 |     564 |     878 |  60.9 |      23 |      36 |  61.0
        D:7 |    2171 |     498 |  18.7 |      24 |       1 |   4.0
        D:8 |     916 |     330 |  26.5 |      13 |       3 |  18.8
        D:9 |    1704 |    2311 |  57.6 |       9 |      11 |  55.0
       D:10 |    1800 |     860 |  32.3 |      15 |       1 |   6.2
       D:11 |    8385 |       0 |   0.0 |      36 |       0 |   0.0
       D:12 |    3137 |       0 |   0.0 |      13 |       0 |   0.0
       D:13 |    2973 |       0 |   0.0 |      10 |       0 |   0.0
            +---------+---------+-------+---------+---------+-------

Illustrated notes

Table legend:
 A = Kills in this place as a percentage of kills in entire the game.
 B = Kills by you in this place as a percentage of kills by you in the entire game.
 C = Kills by friends in this place as a percentage of kills by friends in the entire game.
 D = Other kills in this place as a percentage of other kills in the entire game.
 E = Experience gained in this place as a percentage of experience gained in the entire game.
 F = Experience gained in this place divided by the number of levels of this place that you have seen.
                   A       B       C       D       E      F
               +-------+-------+-------+-------+-------+----------------------
         Total | 100.0 | 100.0 |   N/A |   N/A | 100.0 | 2065.8
       Dungeon | 100.0 | 100.0 |   N/A |   N/A | 100.0 | 2224.7
               +-------+-------+-------+-------+-------+----------------------

Table legend: (Time is in decaauts)
 A = Elapsed time spent in this place.
 B = Non-inter-level travel time spent in this place.
 C = Inter-level travel time spent in this place.
 D = Time resting spent in this place.
 E = Time spent auto-exploring this place.
 F = Levels seen in this place.
 G = Mean time per level.
                   A        B        C        D        E       F      G
               +--------+--------+--------+--------+--------+-----+--------+
         Total |  12062 |  11553 |    509 |   1828 |   7956 |  14 |  861.6 |
       Dungeon |  11887 |  11387 |    500 |   1828 |   7821 |  13 |  914.4 |
        Temple |    174 |    165 |      9 |      0 |    135 |   1 |  174.0 |
               +--------+--------+--------+--------+--------+-----+--------+

Top non-repeatable levels by time:
     D:6: 1415 daAuts
    D:11: 1307 daAuts
     D:8: 1200 daAuts
     D:5: 1133 daAuts
     D:3: 1070 daAuts
     D:9: 912 daAuts
     D:7: 906 daAuts
    D:10: 856 daAuts
    D:12: 709 daAuts
     D:1: 709 daAuts
     D:4: 697 daAuts
     D:2: 567 daAuts
    D:13: 401 daAuts
  Temple: 174 daAuts
